 Dungeon Crawl Stone Soup version 0.28-a0-1190-g77e1c55843 (webtiles) character file.

Game seed: 15328662691272825999

72 Gargoyl the Skirmisher (level 4, -3/40 (41) HPs)
             Began as a Gnoll Abyssal Knight on Dec 18, 2021.
             Was a Believer of Lugonu.
             Slain by Crazy Yiuf (9 damage)
             ... on level 3 of the Dungeon.
             The game lasted 00:03:34 (2244 turns).

Gargoyl the Skirmisher (Gnoll Abyssal Knight)       Turns: 2244, Time: 00:03:34

HP:   -3/40 (41)    AC:  4    Str: 14    XL:     4   Next: 26%
MP:   7/7           EV: 10    Int: 10    God:    Lugonu [**....]
Gold: 53            SH:  3    Dex: 12    Spells: 5/5 levels left

rFire   . . .      SeeInvis .   a - +3 hand axe
rCold   . . .      Faith    .   b - +0 buckler
rNeg    . . .      Spirit   .   j - +0 ring mail
rPois   .          Reflect  .   (no helmet)
rElec   .          Harm     .   (no cloak)
rCorr   .          Rampage  .   (no gloves)
Will    .....                   c - +0 pair of boots
Stlth   +.........              g - amulet of regeneration
HPRegen 0.93/turn               (no ring)
MPRegen 0.10/turn               (no ring)

@: flying, lightly drained
A: fangs 1, strong nose, distributed training, [deformed body]
a: Renounce Religion, Depart the Abyss, Bend Space


You were on level 3 of the Dungeon.
You worshipped Lugonu.
Lugonu was pleased with you.
You visited 1 branch of the dungeon, and saw 3 of its levels.
You visited the Abyss 1 time.

You collected 53 gold pieces.

Inventory:

Hand Weapons
 a - a +3 hand axe (weapon)
 h - a +2 dagger of venom
 i - a +0 whip
Armour
 b - a +0 buckler (worn)
 c - a +0 pair of boots (worn)
 j - a +0 ring mail (worn)
Jewellery
 g - an amulet of regeneration (around neck)
Scrolls
 e - a scroll of identify


   Skills:
 + Level 6.6 Fighting
 + Level 1.1 Short Blades
 + Level 1.1 Long Blades
 + Level 4.6 Axes
 + Level 1.1 Maces & Flails
 + Level 1.1 Polearms
 + Level 1.1 Staves
 + Level 1.1 Slings
 + Level 1.1 Bows
 + Level 1.1 Crossbows
 + Level 1.1 Throwing
 + Level 4.6 Armour
 + Level 2.7 Dodging
 + Level 1.1 Stealth
 + Level 1.1 Shields
 + Level 1.1 Unarmed Combat
 + Level 1.1 Spellcasting
 + Level 0.8 Conjurations
 + Level 0.8 Hexes
 + Level 0.8 Summonings
 + Level 0.8 Necromancy
 + Level 0.8 Translocations
 + Level 0.8 Transmutations
 + Level 0.8 Fire Magic
 + Level 0.8 Ice Magic
 + Level 0.8 Air Magic
 + Level 0.8 Earth Magic
 + Level 0.8 Poison Magic
 + Level 4.7 Invocations
 + Level 1.1 Evocations


You had 5 spell levels left.
You didn't know any spells.
Your spell library contained the following spells:

 Spells                   Type           Power      Damage    Failure   Level
 Animate Skeleton         Necr           4%         N/A       56%         1
 Pain                     Necr           8%         1d4       56%         1
 Ensorcelled Hibernation  Hex/Ice        4%         N/A       71%         2
 Scorch                   Fire           4%         2d5       71%         2
 Static Discharge         Conj/Air       2%         N/A       71%         2
 Spider Form              Tmut/Pois      2%         N/A       90%         3
 Vampiric Draining        Necr           2%         2d6       90%         3
 Flame Wave               Conj/Fire      2%         2d4       100%        4
 Lightning Bolt           Conj/Air       1%         1d12      100%        5
 Summon Cactus Giant      Summ           1%         N/A       100%        6
 Maxwell's Capacitive Co  Air            1%         ∞         100%        8


Dungeon Overview and Level Annotations

Branches:
Dungeon (3/15)

Altars:

Shops:
D:2 ?

Annotations:
D:3 Crazy Yiuf


Innate Abilities, Weirdness & Mutations

You have very sharp teeth.
Your uncanny sense of smell can sniff out nearby items.
Your experience applies equally to all skills.
[Armour fits poorly on your strangely shaped body.]


Message History

You are poisoned.
You hit Crazy Yiuf.
Crazy Yiuf is moderately wounded.
You feel very sick. Crazy Yiuf barely misses you.
You hit Crazy Yiuf. You bite Crazy Yiuf, but do no damage.
Crazy Yiuf is heavily wounded.
You feel sick.
Crazy Yiuf hits you with a +3 quarterstaff of chaos!
Crazy Yiuf burns you.
It was a potion of flight.
You feel very buoyant.
You fly up into the air.
You feel sick. Crazy Yiuf misses you.
You slash Crazy Yiuf!
Crazy Yiuf is severely wounded.
You feel sick. Crazy Yiuf closely misses you.
You hit Crazy Yiuf but do no damage.
Crazy Yiuf is severely wounded.
You feel sick.
Crazy Yiuf hits you with a +3 quarterstaff of chaos!
* * * LOW HITPOINT WARNING * * *
You feel drained.
* * * LOW HITPOINT WARNING * * *
Crazy Yiuf closely misses you.
You closely miss Crazy Yiuf. You bite Crazy Yiuf, but do no damage.
Crazy Yiuf is severely wounded.
You feel sick.
Crazy Yiuf whimpers, "Ten song unthinkable!"
Crazy Yiuf completely misses you.
Unknown command.
You hit Crazy Yiuf. You bite Crazy Yiuf, but do no damage.
Crazy Yiuf is almost dead.
You feel sick. Crazy Yiuf barely misses you.
Unknown command.
You hit Crazy Yiuf but do no damage.
Crazy Yiuf is almost dead.
You feel sick.
You are no longer poisoned.
Crazy Yiuf hits you with a +3 quarterstaff of chaos!
You die...

###........####....###....>##
##. ##.......# ##..## #..####
#.. ##......# #....# #..#
####.# ####......# ##..)#
#.## ##....# ##.........#
##.## ### #..####
...##......# ##)# ####.##
#####......# #.## #....#
.####..###.# ##.# #.####
...........# #@## #.#
#####.##...# #g# #.#
#####....### .)) #.#
..##..###### #...# #.#
...........# #)..# ###.##
..#.######## ##### #....##
....######## ###...##
...........### ###......#
...#########.# #......#.#


You could see Crazy Yiuf.

Vanquished Creatures
  An adder (D:3)
  A worm (D:3)
  7 orcs (D:3)
  5 endoplasms
  4 giant cockroaches
  A goblin (D:1)
  4 hobgoblins
  3 kobolds
  6 quokkas
  3 ball pythons
  7 bats
  3 frilled lizards (D:1)
  A rat (D:1)
46 creatures vanquished.

Vanquished Creatures (others)
  8 plants (D:2)
8 creatures vanquished.

Grand Total: 54 creatures vanquished

Notes
Turn   | Place    | Note
-------+----------+-------------------------------------------
     0 | Abyss:1  | Gargoyl the Gnoll Abyssal Knight began the quest for the
                  | Orb.
     0 | Abyss:1  | Reached XP level 1. HP: 23/23 MP: 3/3
    62 | Abyss:2  | Noticed a wretched star
    62 | Abyss:2  | Noticed a green ugly thing
    62 | Abyss:2  | Noticed a shadow demon
    62 | Abyss:2  | Noticed a shadow demon
    63 | Abyss:2  | Found a corrupted altar of Lugonu.
    64 | Abyss:2  | Noticed a brown ugly thing
    65 | Abyss:2  | Noticed a raiju
    65 | Abyss:2  | Noticed an ancient zyme
    65 | Abyss:2  | Noticed a deep elf demonologist
    66 | D:1      | Escaped the Abyss
   266 | D:1      | Reached * piety under Lugonu
   267 | D:1      | Reached XP level 2. HP: 24/29 MP: 5/5
   850 | D:2      | Found Wottedd's Magic Scroll Shop.
   854 | D:2      | Reached XP level 3. HP: 35/35 MP: 6/6
  1867 | D:3      | Found a runed translucent door.
  1868 | D:3      | Noticed Crazy Yiuf
  1965 | D:3      | Reached skill level 1 in Short Blades
  1965 | D:3      | Reached skill level 1 in Long Blades
  1965 | D:3      | Reached skill level 1 in Maces & Flails
  1965 | D:3      | Reached skill level 1 in Polearms
  1965 | D:3      | Reached skill level 1 in Staves
  1965 | D:3      | Reached skill level 1 in Slings
  1965 | D:3      | Reached skill level 1 in Bows
  1965 | D:3      | Reached skill level 1 in Crossbows
  1965 | D:3      | Reached skill level 1 in Throwing
  1965 | D:3      | Reached skill level 1 in Stealth
  1965 | D:3      | Reached skill level 1 in Shields
  1965 | D:3      | Reached skill level 1 in Unarmed Combat
  1965 | D:3      | Reached skill level 1 in Spellcasting
  1965 | D:3      | Reached skill level 1 in Evocations
  2000 | D:3      | Reached XP level 4. HP: 33/41 MP: 7/7
  2099 | D:3      | Reached ** piety under Lugonu
  2244 | D:3      | Slain by Crazy Yiuf

Illustrated notes

Levels and vault maps discovered:
D:1:      scummos_arrival_simple_crosswalls, layout_rooms,
          hangedman_decor_points
D:2:      minmay_general_purpose_star, layout_loops_cross, serial_shops, shop,
          shop, nicolae_shop_crystal, nicolae_ecumenical_snake_handling,
          nicolae_grassy_gnolls, uniq_robin
D:3:      layout_rooms, item_on_display_a, uniq_crazy_yiuf_cottage

Skill      XL: |  1  2  3 |
---------------+----------+-----
Short Blades   | 1 |  1.1
Long Blades    | 1 |  1.1
Maces & Flails | 1 |  1.1
Polearms       | 1 |  1.1
Staves         | 1 |  1.1
Slings         | 1 |  1.1
Bows           | 1 |  1.1
Crossbows      | 1 |  1.1
Throwing       | 1 |  1.1
Stealth        | 1 |  1.1
Shields        | 1 |  1.1
Unarmed Combat | 1 |  1.1
Spellcasting   | 1 |  1.1
Evocations     | 1 |  1.1
Fighting       | |  6.6
Axes           | |  4.6
Armour         | |  4.6
Dodging        | |  2.7
Conjurations   | |  0.8
Hexes          | |  0.8
Summonings     | |  0.8
Necromancy     | |  0.8
Translocations | |  0.8
Transmutations | |  0.8
Fire Magic     | |  0.8
Ice Magic      | |  0.8
Air Magic      | |  0.8
Earth Magic    | |  0.8
Poison Magic   | |  0.8
Invocations    | |  4.7

Action                   |  1- 3 |  4- 6 || total
-------------------------+-------+-------++-------
Melee: Hand axe          |   119 |    25 ||   144
       Bite              |    10 |     3 ||    13
Invok: Depart the Abyss  |     1 |       ||     1
  Use: Scroll            |     5 |     2 ||     7
       Potion            |       |     1 ||     1
Armor: Leather armour    |    44 |     1 ||    45
       Ring mail         |       |     6 ||     6
Dodge: Dodged            |    85 |    22 ||   107
Block: Buckler           |       |     5 ||     5

Table legend: (Time is in decaauts)
 A = Elapsed time spent in this place.
 B = Non-inter-level travel time spent in this place.
 C = Inter-level travel time spent in this place.
 D = Time resting spent in this place.
 E = Time spent auto-exploring this place.
 F = Levels seen in this place.
 G = Mean time per level.
                   A        B        C        D        E       F      G
               +--------+--------+--------+--------+--------+-----+--------+
         Total |   2258 |   2184 |     74 |      0 |   1108 |   5 |  451.6 |
       Dungeon |   2193 |   2119 |     74 |      0 |   1085 |   3 |  731.0 |
         Abyss |     65 |     65 |      0 |      0 |     23 |   2 |   32.5 |
               +--------+--------+--------+--------+--------+-----+--------+

Top non-repeatable levels by time:
     D:1: 1402 daAuts
     D:3: 664 daAuts
     D:2: 126 daAuts
 Abyss:1: 62 daAuts
 Abyss:2: 3 daAuts
